 Dungeon Crawl Stone Soup version 0.31.0-4-g52a2dc7128 (webtiles) character file.

Game seed: 8237632184408310877

2984 Eitelfritz the Cleaver (level 9, 0/79 HPs)
             Began as a Hill Orc Fighter on Jan 21, 2024.
             Was a Follower of Zin.
             Slain by a sky beast (4 damage)
             ... on level 7 of the Dungeon.
             The game lasted 00:10:54 (5691 turns).

Eitelfritz the Cleaver (Hill Orc Fighter)           Turns: 5691, Time: 00:10:55

Health: 0/79       AC: 16    Str: 21    XL:     9   Next: 83%
Magic:  13/13      EV: 10    Int: 10    God:    Zin [*.....]
Gold:   205        SH:  5    Dex: 10    Spells: 8/8 levels left

rFire   . . .        a - +0 war axe
rCold   . . .        c - +0 buckler
rNeg    . . .        x - +3 scale mail {Will+}
rPois   .            (no helmet)
rElec   .            e - +0 cloak
rCorr   .            B - +0 pair of gloves
SInv    .            y - +2 pair of boots
Will    +....        (no amulet) Stlth
                     j - +4 ring of slaying
HPRegen 0.33/turn    (no ring)
MPRegen 0.13/turn

%: no passive effects
@: slowed, very slow
A: no striking features
a: Renounce Religion, Recite, Donate Gold


You were on level 7 of the Dungeon.
You worshipped Zin.
Zin was aware of your devotion.
You visited 2 branches of the dungeon, and saw 8 of its levels.
You also visited: Sewer.

You collected 227 gold pieces.
You donated 22 gold pieces to Zin.

Inventory:

Hand Weapons
 a - a +0 war axe (weapon)
 b - a +0 sling
 k - a +0 morningstar
 C - a +0 heavy war axe
Missiles
 n - 9 boomerangs (quivered)
 o - 9 poisoned darts
Armour
 c - a +0 buckler (worn)
 e - a +0 cloak (worn)
 i - a +0 chain mail
 x - a +3 scale mail of willpower (worn)
 y - a +2 pair of boots (worn)
 B - a +0 pair of gloves (worn)
Jewellery
 j - a +4 ring of slaying (left hand)
Wands
 v - a wand of polymorph (10)
Scrolls
 g - 3 scrolls of revelation
 h - 5 scrolls of teleportation
Potions
 d - 2 potions of might
 f - a potion of mutation {unknown}
 l - a potion of lignification {unknown}
 m - 5 potions of heal wounds
 p - 3 potions of invisibility
 q - 3 potions of attraction
 s - a potion of ambrosia {unknown}
 t - 3 potions of brilliance
 u - 3 potions of haste
 w - a potion of magic {unknown}
 z - 2 potions of cancellation {unknown}
 A - a potion of enlightenment {unknown}


   Skills:
 + Level 7.1 Fighting
 + Level 11.4 Axes
 + Level 6.5 Armour
 + Level 3.0 Dodging
 + Level 0.1 Stealth
 + Level 5.2 Shields
 * Level 5.8 Invocations


You had 8 spell levels left.
You didn't know any spells.
Your spell library contained the following spells:

 Spells                   Type           Power      Damage    Failure   Level
 Foxfire                  Conj/Fire      0%         2x1d4     75%         1
 Magic Dart               Conj           0%         1d3       75%         1
 Blink                    Tloc           0%         N/A       86%         2
 Call Imp                 Summ           0%         N/A       86%         2
 Cigotuvi's Dreadful Rot  Necr/Alch/Air  0%         N/A       86%         2
 Ensorcelled Hibernation  Hex/Ice        0%         N/A       86%         2
 Sublimation of Blood     Necr           0%         N/A       86%         2
 Hailstorm                Conj/Ice       0%         3d5       98%         3
 Passwall                 Erth           0%         N/A       98%         3
 Summon Ice Beast         Ice/Summ       0%         N/A       98%         3
 Swiftness                Air            0%         N/A       98%         3
 Brom's Barrelling Bould  Conj/Erth      0%         2d3       100%        4
 Dispel Undead            Necr           0%         3d6       100%        4
 Martyr's Knell           Necr/Summ      0%         N/A       100%        4
 Fireball                 Conj/Fire      0%         3d3       100%        5
 Iskenderun's Battlesphe  Conj           0%         2d6       100%        5
 Conjure Ball Lightning   Conj/Air       0%         3x3d6     100%        6
 Death Channel            Necr           0%         N/A       100%        6
 Plasma Beam              Fire/Air       0%         2x1d10    100%        6
 Sculpt Simulacrum        Ice/Alch       0%         N/A       100%        6
 Starburst                Conj/Fire      0%         6d3       100%        6
 Orb of Destruction       Conj           0%         9d5       100%        7


Dungeon Overview and Level Annotations

Branches:
Dungeon (7/15)             Temple (1/1) D:6           Sewer (visited)

Altars:
Ashenzari
Cheibriados
Dithmenos
Elyvilon
Fedhas
Gozag
Hepliaklqana
Makhleb
Nemelex Xobeh
Okawaru
Qazlal
Ru
Sif Muna
Uskayaw
Vehumet
Wu Jian
Xom
Yredelemnul
Zin
The Shining One


Message History

You feel very sick. The hornet misses you. The black bear closely misses you.
The black bear claws you.
* * * LOW HITPOINT WARNING * * *
The black bear claws you but does no damage.
The hornet stings you but does no damage.
You slash the black bear!
The black bear is almost dead.
You closely miss the hornet.
You feel sick. The hornet stings you.
* * * LOW HITPOINT WARNING * * *
You feel as though you will be slow longer.
The black bear goes berserk!
The hornet barely misses you.
The black bear bites you but does no damage.
The black bear claws you.
* * * LOW HITPOINT WARNING * * *
You block the black bear's attack.
You hit the black bear.
You kill the black bear!
You closely miss the hornet.
You feel sick. The hornet barely misses you. The hornet stings you.
* * * LOW HITPOINT WARNING * * *
You feel as though you will be slow longer.
Unknown command.
You slash the hornet!
You kill the hornet!
You hit the sky beast.
You feel sick. The sky beast closely misses you.
Your life force feels restored.
Your Dodging skill increases to level 3!
Unknown command.
You closely miss the sky beast.
The sky beast is lightly wounded.
You feel sick. The sky beast completely misses you.
The sky beast flickers out of sight!
Deactivating autopickup; reactivate with Ctrl-A.
Something hits you but does no damage.
You hit something.
You feel sick.
You are no longer poisoned.
Something hits you but does no damage.
You barely miss something. Something hits you.
You die...

...........#
######.........#
#...........##.#
###.####......##.#
..............##.#
.##.####.#.##.##.# .##.#
#.#.##.##.###### .##.#
#.#.##.##.{....# .##.#
##.#.##...@..#
.##.###.................
....##.....########.#.##
..###.......## #
.......[...>.#
>.###.......##
..####..)...#####
........))#......
#.######.........


There were no monsters in sight!

Vanquished Creatures
  A hornet (D:7)
  Sigmund (D:5)
  Eustachio (D:4)
  A steam dragon (D:6)
  Edmund (D:5)
  Duvessa (D:5)
  An orc warrior (D:5)
  2 black bears
  2 ice beasts (D:6)
  Pargi (Sewer)
  An ogre (D:5)
  2 phantoms
  2 bullfrogs
  A brain worm (Sewer)
  A scorpion (D:4)
  A gnoll sergeant (D:5)
  6 wights
  Dowan (D:5)
  An electric eel (D:6)
  A hound (D:5)
  A bombardier beetle (D:6)
  3 orc priests
  A jelly (D:4)
  Jessica (D:2)
  Terence (D:3)
  2 orc wizards (D:4)
  3 iguanas
  7 gnolls (D:5)
  7 adders
  2 ufetubi (D:5)
  A ribbon worm (D:2)
  4 dart slugs
  14 orcs
  4 endoplasms
  10 giant cockroaches
  5 goblins
  7 hobgoblins
  16 jackals
  6 quokkas
  13 ball pythons
  4 bats
  8 frilled lizards
  9 kobolds
  3 rats
161 creatures vanquished.

Notes
Turn   | Place    | Note
-------+----------+-------------------------------------------
     0 | D:1      | Eitelfritz the Hill Orc Fighter began the quest for the
                  | Orb.
     0 | D:1      | Reached XP level 1. HP: 19/19 MP: 1/1
   273 | D:1      | Reached XP level 2. HP: 27/27 MP: 2/2
   322 | D:1      | Reached skill level 3 in Axes
   636 | D:1      | Reached XP level 3. HP: 33/33 MP: 3/3
  1013 | D:2      | Found a faded altar of an unknown god.
  1482 | D:2      | Reached skill level 4 in Axes
  1511 | D:2      | Noticed Jessica
  1515 | D:2      | Reached XP level 4. HP: 35/40 MP: 4/4
  1521 | D:2      | Killed Jessica
  1557 | D:2      | Got Jessica's Parchment of Evil
  1831 | D:3      | Noticed Terence
  1841 | D:3      | Killed Terence
  1842 | D:3      | Reached skill level 5 in Axes
  1842 | D:3      | Reached XP level 5. HP: 33/46 MP: 5/5
  2438 | D:4      | Reached skill level 6 in Axes
  2438 | D:4      | Reached XP level 6. HP: 21/53 MP: 6/6
  2683 | D:4      | Noticed a black bear
  2718 | D:4      | Reached skill level 1 in Dodging
  2731 | D:4      | Killed a black bear
  2732 | D:4      | Reached skill level 7 in Axes
  2732 | D:4      | Reached XP level 7. HP: 60/60 MP: 7/7
  3056 | D:4      | Found an ornate altar of the Wu Jian Council.
  3057 | D:4      | Found a sacrificial altar of Ru.
  3057 | D:4      | Found a shimmering altar of Xom.
  3059 | D:4      | Found a radiant altar of Vehumet.
  3059 | D:4      | Found a stormy altar of Qazlal.
  3059 | D:4      | Found a shimmering blue altar of Sif Muna.
  3060 | D:4      | Noticed Eustachio
  3061 | D:4      | Found a glowing silver altar of Zin.
  3061 | D:4      | Found a sparkling altar of Nemelex Xobeh.
  3061 | D:4      | Found a glowing golden altar of the Shining One.
  3072 | D:4      | Killed Eustachio
  3073 | D:4      | Reached skill level 8 in Axes
  3073 | D:4      | Reached skill level 5 in Armour
  3078 | D:4      | Became a worshipper of Zin the Law-Giver
  3078 | D:4      | Reached * piety under Zin
  3173 | D:4      | Reached skill level 5 in Fighting
  3324 | D:5      | Entered Level 5 of the Dungeon
  3335 | D:5      | Noticed Sigmund
  3343 | D:5      | Reached skill level 1 in Invocations
  3343 | D:5      | Killed Sigmund
  3344 | D:5      | Reached XP level 8. HP: 55/68 MP: 7/9
  3396 | D:5      | Noticed Duvessa
  3397 | D:5      | Noticed Dowan
  3398 | D:5      | Reached skill level 9 in Axes
  3405 | D:5      | Killed Duvessa
  3418 | D:5      | Killed Dowan
  3504 | D:5      | Noticed Edmund
  3516 | D:5      | Killed Edmund
  3544 | D:5      | Found a glowing drain.
  3565 | Sewer    | Entered a sewer
  3742 | Sewer    | Reached skill level 10 in Axes
  3748 | Sewer    | Noticed Pargi
  3767 | Sewer    | Killed Pargi
  3768 | Sewer    | Reached XP level 9. HP: 67/75 MP: 10/12
  3964 | D:5      | Found an iron altar of Okawaru.
  4715 | D:6      | Reached skill level 5 in Invocations
  4716 | D:6      | Reached skill level 5 in Shields
  4920 | D:6      | Found a snail-covered altar of Cheibriados.
  5145 | D:6      | Found a staircase to the Ecumenical Temple.
  5150 | D:6      | Reached skill level 11 in Axes
  5154 | Temple   | Entered the Ecumenical Temple
  5680 | D:7      | Noticed a hornet
  5682 | D:7      | Paralysed by a hornet for 1 turns
  5688 | D:7      | Killed a hornet
  5690 | D:7      | HP: 3/79 [poisoned by a hornet]
  5691 | D:7      | Slain by a sky beast

Illustrated notes

Levels and vault maps discovered:
D:1:      onia_arrival_mini_spirals, layout_loops_ring, corner_web_ring,
          minmay_shallow_snake_nest
D:2:      minmay_chambers_of_ones, layout_loops_ring,
          ebering_ecumenical_altar_webs, kennysheep_jessica_study
D:3:      layout_loops_ring, uniq_terence, uniq_jessica
D:4:      layout_loops_ring, nicolae_overflows_in_rows, uniq_eustachio
D:5:      layout_gridville, general_overflow_altar, gup_sewer_entry_pipe,
          uniq_sigmund, uniq_duvessa, uniq_edmund
D:6:      hellmonk_ruined_rings, layout_basic,
          mainiacjoe_overflow_surrounded_room, minmay_temple_entry_proselytizer,
          minmay_crystal_water
D:7:      cheibrodos_fzero, layout_loops_ring, enter_bailey_7,
          chequers_ossuary_entry_cave
Temple:   nicolae_temple_cloud_nine

Skill      XL: |  1  2  3  4  5  6  7  8  9 |
---------------+----------------------------+-----
Axes           | 3 4 5 6 7 8 10 11 | 11.4
Fighting       | 4 5 6 7 |  7.1
Armour         | 4 5 6 |  6.5
Dodging        | 1 2 3 |  3.0
Shields        | 4 5 |  5.2
Invocations    | 1 4 5 |  5.8
Stealth        | |  0.1

Action                     |  1- 3 |  4- 6 |  7- 9 || total
---------------------------+-------+-------+-------++-------
  Melee: War axe           |   102 |    88 |   227 ||   417
 Invoke: Recite            |       |       |     1 ||     1
    Use: Scroll            |       |     8 |     5 ||    13
 Armour: Scale mail        |    73 |    77 |   241 ||   391
  Dodge: Dodged            |    47 |    44 |   132 ||   223
  Block: Buckler           |    25 |    31 |    62 ||   118
